Map: New Repugnancy LE

Players

HolyHit - Winner!

  • Race: Protoss Protoss
  • Spawn Location: 7:00

Awers

  • Race: Terran Terran
  • Spawn Location: 1:00

Event: 2019 WCS Summer

VOD

Have the link to the VOD?

Description

Time

  • Played on: July 12, 2019, 10:16 a.m.
  • Length: 7:42

All games in this series

Show
View Real Time Build Order
Export as new Build Order

HolyHit Protoss - Winner!

Build Orders: Dark Templar Rush 

Get SALT Encoding   

  12  0:00  Probe  
  13  0:12  Probe  
  14  0:17  Pylon  
  14  0:24  Probe  
  15  0:32  Probe  
  15  0:37  Gateway  
  15  0:40  Probe  
  16  0:46  Assimilator  
  17  0:51  Probe  
  18  1:03  Probe  
  19  1:15  Probe  
  20  1:24  Pylon  
  20  1:28  Probe, Cybernetics Core  
  20  1:29  Assimilator  
  21  1:42  Probe  
  22  1:52  Nexus  
  22  1:54  Stalker  
  22  1:58  Probe  
  25  2:10  Probe  
  24  2:23  Stalker  
  24  2:24  Probe  
  27  2:36  Probe  
  28  2:42  Twilight Council  
  28  2:48  Probe  
  29  2:58  Warp Gate  
  27  3:00  Probe  
  27  3:04  Probe  
  28  3:12  Probe  
  28  3:13  Probe  
  30  3:20  Probe  
  30  3:23  Dark Shrine  
  30  3:25  Probe  
  32  3:29  Shield Battery  
  33  3:40  Robotics Facility  
  32  3:43  Probe  
  32  3:45  Probe  
  34  3:54  Gateway  
  34  3:55  Probe  
  34  3:59  Probe  
  36  4:03  Probe  
  36  4:04  Pylon  
  37  4:11  Probe x2  
  39  4:22  Assimilator, Probe  
  40  4:25  Assimilator  
  40  4:28  Warp Prism  
  40  4:30  Probe  
  42  4:35  Probe  
  43  4:42  Probe  
  44  4:46  Dark Templar  
  44  4:47  Dark Templar  
  44  4:52  Charge, Shadow Stride  
  48  4:53  Probe  
  48  4:59  Gateway  
  49  5:04  Pylon  
  49  5:11  Gateway  
  49  5:26  Gateway  
  49  5:28  Dark Templar x2, Gateway  
  51  5:41  Probe, Warp Prism  
  54  5:54  Gateway  
  52  5:57  Probe  
  52  5:58  Dark Templar  
  55  6:08  Dark Templar  
  55  6:09  Zealot x2  
  59  6:11  Gateway  
  59  6:15  Pylon  
  59  6:18  Pylon  
  59  6:20  Observer  
  59  6:21  Pylon  
  60  6:34  Dark Templar x2  
  60  6:35  Zealot  
  60  6:36  Zealot  
  68  6:42  Probe  
  68  6:43  Pylon  
  69  6:50  Pylon  
  69  6:53  Zealot x2  
  65  7:11  Zealot  
  65  7:12  Zealot x4  
  64  7:32  Stalker x3  
Show
View Real Time Build Order
Export as new Build Order

Awers Terran 

Build Orders: 2 Factory, Cyclone Opening 

Get SALT Encoding   

  12  0:00  SCV  
  13  0:13  SCV  
  14  0:18  Supply Depot  
  14  0:25  SCV  
  15  0:40  SCV  
  15  0:41  Barracks  
  16  0:46  Refinery  
  16  0:52  SCV  
  17  0:57  Refinery  
  17  1:04  SCV  
  18  1:16  SCV  
  19  1:29  Orbital Command, Reaper  
  20  1:41  Supply Depot  
  20  1:47  Factory  
  20  1:55  SCV  
  22  2:01  Reaper  
  22  2:08  SCV  
  23  2:23  SCV  
  23  2:30  Factory Tech Lab  
  23  2:37  SCV  
  24  2:46  Command Center  
  24  2:50  SCV  
  24  2:51  Cyclone  
  28  3:00  Mag-Field Accelerator  
  27  3:06  Factory  
  27  3:09  SCV  
  28  3:15  Supply Depot  
  28  3:23  Cyclone  
  31  3:37  SCV  
  31  3:38  Bunker  
  32  3:43  Factory  
  32  3:49  Factory Tech Lab, SCV  
  33  3:57  Cyclone  
  33  4:01  SCV  
  37  4:05  Refinery  
  37  4:08  Marine  
  38  4:12  Cyclone  
  38  4:15  SCV  
  42  4:23  Orbital Command  
  42  4:27  Widow Mine  
  42  4:29  SCV  
  45  4:32  Barracks Reactor  
  45  4:38  Supply Depot  
  45  4:42  SCV  
  49  4:45  Cyclone  
  49  4:48  SCV  
  50  4:53  Cyclone  
  50  4:56  SCV  
  54  5:01  Supply Depot  
  54  5:02  SCV  
  55  5:08  SCV  
  60  5:14  Widow Mine x2, SCV  
  60  5:20  SCV  
  59  5:21  Engineering Bay  
  59  5:27  SCV  
  54  5:33  SCV  
  47  5:39  SCV  
  43  5:45  SCV  
  39  5:52  Orbital Command  
  38  5:59  SCV  
  39  6:11  SCV  
  39  6:24  Missile Turret  
  39  6:31  Widow Mine  
  39  6:32  Widow Mine  
  43  6:37  Widow Mine  
  45  6:43  Widow Mine  
  47  6:48  SCV  
  48  6:56  SCV  
  48  7:00  Missile Turret  
  44  7:18  SCV  
Tags
 
Add a new tag
Caveats
  • Supply blocks, unpowered buildings, or Contaminate may cause inaccurate times.
  • Supply counts are checked every 10 seconds.